AoeStats
← 海霸天

Black Forest

509566672Analyzed
3v3 RM · 6d ago on Sep 27, 2026· 50m 48s· 6 players
Game mode
Random Map
Map size
Normal (6 player)
Population
200
Speed
Normal
Resources
Standard
Victory
Conquest
Starting age
Dark Age
Ending age
Imperial Age
RankedLock teamsTeams togetherTeam positionsShared explorationLock speedFull tech treeHidden civsTurbo modeCheats
Victory
Defeat
🇨🇳 Franks · China
827
+13
🇦🇷 Goths · Argentina
784
+18
🇹🇼 Celts · Taiwan
609
+22
🇪🇸 Shu · Spain
788
-18
🇮🇹 Britons · Italy
762
-17
🇷🇴 Inca · Romania
689
-14
ander.bioesc
0:40 Loom
ionescu_andrei
12:25 Feudal Age
12:47 Horse Collar
12:54 Double-Bit Axe
18:33 Gold Mining
21:56 Castle Age
20:00 Stone Mining
21:25 Forging
21:18 Scale Mail Armor
21:19 Padded Archer Armor
22:40 Heavy Plow
22:51 Bow Saw
24:09 Gold Shaft Mining
24:33 Stone Shaft Mining
23:40 Champi Runner
26:44 Iron Casting
30:20 Imperial Age
29:12 Iron Casting
28:53 Leather Archer Armor
28:50 Fletching
29:32 Chain Mail Armor
29:24 Squires
29:24 Arson
29:11 Champi Warrior
29:36 Pikeman
30:09 Crossbowman
32:13 Thumb Ring
33:44 Blast Furnace
34:28 Crop Rotation
33:32 Halberdier
35:13 Arbalester
37:07 Elite Champi Warrior
39:15 Plate Mail Armor
40:07 Bodkin Arrow
41:06 Ring Archer Armor
41:18 Bracer
CHFSwissMade
14:47 Feudal Age
15:50 Horse Collar
15:57 Double-Bit Axe
20:59 Castle Age
21:46 Loom
22:36 Wheelbarrow
21:47 Town Watch
28:20 Bow Saw
28:55 Heavy Plow
31:09 Padded Archer Armor
30:59 Fletching
32:33 Hand Cart
32:39 Leather Archer Armor
32:20 Bodkin Arrow
33:04 Gold Mining
34:22 Gold Shaft Mining
36:46 Imperial Age
34:39 Squires
34:24 Gambesons
33:59 Pikeman
34:26 Arson
34:46 Scale Mail Armor
35:34 Forging
35:49 Ballistics
35:40 Masonry
35:10 Treadmill Crane
36:21 Chain Mail Armor
38:22 Ring Archer Armor
37:53 Bracer
38:24 Plate Mail Armor
38:29 Iron Casting
37:18 Elite Longbowman
38:19 Conscription
39:16 Two-Man Saw
40:02 Chemistry
39:34 Architecture
40:24 Hoardings
43:00 Yeomen
43:56 Warwolf
43:45 Halberdier
45:27 Blast Furnace
海霸天
1:23 Loom
19:04 Feudal Age
19:54 Horse Collar
20:06 Double-Bit Axe
25:06 Wheelbarrow
24:34 Gold Mining
24:15 Man-at-Arms
24:41 Arson
27:22 Castle Age
26:19 Forging
26:10 Scale Mail Armor
28:52 Hand Cart
29:16 Iron Casting
28:53 Bow Saw
28:06 Long Swordsman
28:32 Gambesons
28:59 Heavy Plow
31:00 Gold Shaft Mining
30:16 Stone Mining
34:57 Chain Mail Armor
38:02 Imperial Age
36:31 Ballistics
37:59 Stronghold
39:10 Conscription
41:34 Blast Furnace
41:04 Plate Mail Armor
41:37 Chemistry
40:27 Heavy Scorpion
42:33 Siege Engineers
43:58 Fletching
43:32 Two-Handed Swordsman
47:55 Elite Skirmisher
48:39 Onager
50:17 Fletching
50:27 Padded Archer Armor
p1K4 six/seven
12:07 Feudal Age
13:26 Wheelbarrow
16:13 Gold Mining
16:17 Double-Bit Axe
16:15 Horse Collar
24:30 Castle Age
24:11 Stone Mining
25:35 Hand Cart
25:58 Stone Shaft Mining
26:32 Caravan
27:00 Heavy Plow
27:17 Bow Saw
36:07 Imperial Age
33:33 Town Watch
34:22 Anarchy
35:13 Town Patrol
40:11 Sanctity
40:31 Elite Huskarl
43:54 Chemistry
43:27 Forging
44:09 Perfusion
46:34 Two-Man Saw
46:15 Iron Casting
Noob.
0:36 Loom
15:08 Feudal Age
16:02 Man-at-Arms
16:49 Arson
17:20 Forging
17:20 Scale Mail Armor
23:38 Castle Age
21:53 Double-Bit Axe
23:55 Gold Mining
30:06 Iron Casting
29:44 Bow Saw
30:15 Gold Shaft Mining
33:33 Imperial Age
31:38 Husbandry
34:51 Scale Barding Armor
34:17 Cavalier
35:55 Chain Barding Armor
38:33 Conscription
40:07 Paladin
44:17 Blast Furnace
44:34 Chivalry
46:59 Plate Barding Armor
49:06 Caravan
Connection lost

Rejoining the realm…

Still unreachable

The connection could not be restored.

Session expired

The server has moved on; the page needs a fresh start.